 Dungeon Crawl Stone Soup version 0.19.4 (console) character file.

284 itsmu the Conjurer (level 6, -3/41 HPs)
             Began as a Formicid Conjurer on Feb 1, 2017.
             Slain by Edmund
             ... wielding a +1 flail of protection
              (6 damage)
             ... on level 4 of the Dungeon.
             The game lasted 00:14:14 (3729 turns).

itsmu the Conjurer (Formicid Conjurer)              Turns: 3729, Time: 00:14:15

Health: -3/41      AC:  2    Str: 16    XL:     6   Next: 54%
Magic:  2/12       EV: 12    Int: 16    God:
Gold:   168        SH:  0    Dex: 11    Spells: 2 memorised, 10 levels left

rFire  . . .     SeeInvis +     a - +0 trident
rCold  . . .     Gourm    .     d - +0 robe
rNeg   . . .     Faith    .     (no shield)
rPois  .         Spirit   .     (helmet unavailable)
rElec  .         Reflect  .     (no cloak)
rCorr  .         Harm     .     (no gloves)
MR     +....                    (no boots)
Stlth  ++........               (no amulet)
                                r - ring of protection from magic
                                g - +3 ring of strength

@: no status effects
A: permanent stasis, dig shafts and tunnels, four strong arms, antennae 3
a: Dig, Shaft Self


You were on level 4 of the Dungeon.
You were not hungry.

You visited 1 branch of the dungeon, and saw 3 of its levels.

You collected 168 gold pieces.

Inventory:

Hand Weapons
 a - a +0 trident (weapon)
   (You found it on level 4 of the Dungeon)
 k - a +2 dagger of holy wrath
   (You took it off a kobold on level 1 of the Dungeon)
 s - a +0 spear
   (You found it on level 1 of the Dungeon)
Missiles
 e - 22 poisoned needles
 f - 73 stones (quivered)
Armour
 d - a +0 robe (worn)
Jewellery
 g - a +3 ring of strength (left hand)
   (You found it on level 1 of the Dungeon)
 r - a ring of protection from magic (right hand)
   (You found it on level 4 of the Dungeon)
Wands
 q - a wand of flame (31/48)
   (You found it on level 4 of the Dungeon)
Scrolls
 p - a scroll of remove curse
 u - a scroll of enchant armour {unknown}
Potions
 h - 2 potions of haste {unknown}
 i - a potion of might {unknown}
 m - 2 potions of curing {unknown}
 n - a potion of brilliance {unknown}
 t - a potion of resistance
Books
 b - a book of Conjurations

   Spells                             Type                      Level
   a - Magic Dart                     Conjuration                  1
   b - Searing Ray                    Conjuration                  2
   c - Dazzling Spray                 Conjuration/Hexes            3
   d - Fulminant Prism                Conjuration/Hexes            4
   e - Iskenderun's Mystic Blast      Conjuration                  4
   f - Iskenderun's Battlesphere      Conjuration/Charms           5
Comestibles
 c - 3 bread rations
 j - a slice of pizza
 l - a meat ration


   Skills:
 - Level 1.7 Dodging
 - Level 2.4 Stealth
 + Level 4.0 Spellcasting
 * Level 5.9 Conjurations


You had 10 spell levels left.
You knew the following spells:

 Your Spells              Type           Power        Failure   Level  Hunger
a - Magic Dart            Conj           ###.         1%          1    None
b - Searing Ray           Conj           ###...       2%          2    ##.....


Dungeon Overview and Level Annotations

Branches:
Dungeon (4/15)
 Temple: D:4-7

Altars:
Nemelex Xobeh
Xom
The Shining One

Annotations:
D:4 Edmund


Innate Abilities, Weirdness & Mutations

You are under a permanent stasis effect.
You can dig through walls and to a lower floor.
Your four strong arms can wield two-handed weapons with a shield.
You have a pair of large antennae on your head. (SInv)


Message History

Confirm with . or Enter, or press ? or * to list all spells.
Aiming: Searing Ray
Press: ? - help, Shift-Dir - straight line, f/p - Edmund
Aim: Edmund, wielding a flail of protection and wearing a leather armour (almost dead)
The searing ray hits Edmund.
Edmund is almost dead. (Press . to maintain the ray.) Edmund hits you with a flail of protection!
* * * LOW HITPOINT WARNING * * *
The searing ray hits Edmund.
Edmund is almost dead.
All of the chunks of flesh in your inventory have rotted away.
The searing ray hits Edmund.
Edmund is almost dead.
Edmund mutters, "Who needs spells, anyway?"
Edmund hits you with a flail of protection!
* * * LOW HITPOINT WARNING * * *
The searing ray misses Edmund.
You finish channeling your searing ray.
Edmund hits you with a flail of protection.
You die...

#..........####.@.......#
#..........# ####.....##
###..........# #.......#
#..........### #.......#
#..........# #.......#
#..........# ##.....##
#..........## ###.....##
#...........#####...#########
########....)))a@.......^...###.
#########..##............
#...........###......####
#.#######.##.#..####.# # ####.#
##.###...## #.###. ##....#
##.###..#.## #..... ###..####
##.## #.###.#####...# #....##
##.## ##.# ##.##...#..
####..####.## #..# ##)#..###.


You could see Edmund.

Vanquished Creatures
  A hound (D:4)
  2 orc wizards (D:4)
  Jessica (D:2)
  A worker ant (D:4)
  5 gnolls
  3 adders (D:2)
  An ooze (D:2)
  2 worms (D:2)
  3 dart slugs
  2 leopard geckos (D:2)
  7 orcs (D:4)
  4 giant cockroaches
  3 goblins (D:2)
  2 hobgoblins (D:1)
  4 jackals (D:1)
  4 kobolds
  2 quokkas
  5 bats
  3 frilled lizards
  A jackal skeleton (D:4)
  6 rats
62 creatures vanquished.

Notes
Turn   | Place    | Note
-------+----------+-------------------------------------------
     0 | D:1      | itsmu the Formicid Conjurer began the quest for the Orb.
     0 | D:1      | Reached XP level 1. HP: 13/13 MP: 3/3
   307 | D:1      | Reached XP level 2. HP: 13/19 MP: 0/5
   358 | D:1      | Learned a level 2 spell: Searing Ray
   459 | D:1      | Reached skill level 4 in Conjurations
   936 | D:1      | Reached XP level 3. HP: 8/24 MP: 0/6
  1954 | D:2      | Reached XP level 4. HP: 30/30 MP: 3/8
  1997 | D:2      | Found a shimmering altar of Xom.
  2036 | D:2      | Noticed Jessica
  2040 | D:2      | Killed Jessica
  2262 | D:2      | Reached skill level 5 in Conjurations
  2283 | D:2      | Reached XP level 5. HP: 35/35 MP: 2/9
  2941 | D:2      | You fall through a shaft for 2 floors!
  2942 | D:4      | really, you're doing this shit already
  2967 | D:4      | Reached XP level 6. HP: 25/41 MP: 4/11
  3175 | D:4      | Found a sparkling altar of Nemelex Xobeh.
  3253 | D:4      | Noticed Edmund
  3292 | D:4      | Found a glowing golden altar of the Shining One.
  3729 | D:4      | Slain by Edmund

Skill      XL: |  1  2  3  4  5  6 |
---------------+-------------------+-----
Conjurations   | 4 5 |  5.9
Spellcasting   | 3 4 |  4.0
Dodging        | |  1.7
Stealth        | |  2.4

Action                   |  1- 3 |  4- 6 || total
-------------------------+-------+-------++-------
Melee: Spear             |    40 |    12 ||    52
       Trident           |       |     5 ||     5
 Cast: Magic Dart        |    55 |    76 ||   131
       Searing Ray       |     3 |    13 ||    16
 Abil: Dig               |     3 |    10 ||    13
Evoke: Wand              |       |     1 ||     1
  Use: Scroll            |     3 |     3 ||     6
       Potion            |       |     1 ||     1
  Eat: Chunk             |     5 |     8 ||    13
Armor: Robe              |     9 |     6 ||    15
Dodge: Dodged            |    38 |    23 ||    61
